 Dungeon Crawl Stone Soup version 0.26.1-10-gdfb7c7de75 (webtiles) character file.

Game seed: 8097215024801263393

43604 DearestLeader the Impaler (level 14, -1/110 HPs)
             Began as a Merfolk Ice Elementalist on Apr 8, 2021.
             Was a High Priest of Vehumet.
             Slain by Rupert
             ... wielding a +1 vorpal battleaxe
              (4 damage)
             ... while petrified by a basilisk
             ... on level 6 of the Lair of Beasts.
             The game lasted 00:51:45 (20443 turns).

DearestLeader the Impaler (MfIE)                   Turns: 20443, Time: 00:51:45

Health: -1/110     AC:  8    Str:  8    XL:     14   Next: 25%
Magic:  14/21      EV:  2    Int: 19    God:    Vehumet [*****.]
Gold:   993        SH:  0    Dex: 15    Spells: 10/23 levels left

rFire    + . .     SeeInvis .   Q - +3 halberd (freeze)
rCold    . . .     Faith    .   (shield currently unavailable)
rNeg     + + +     Spirit   .   N - +3 leather armour {rN+}
rPois    ∞         Reflect  .   X - +1 hat
rElec    .         Harm     .   (no cloak)
rCorr    .         Rampage  .   r - +0 pair of gloves
Will     +....                  (no boots)
Stlth    ++........             u - amulet of regeneration
HPRegen  0.68/turn              z - ring of protection from fire
MPRegen  0.17/turn              q - +4 ring of evasion

@: petrified
A: change form in water, swift swim, stealthy swim
a: Renounce Religion


You were on level 6 of the Lair of Beasts.
You worshipped Vehumet.
Vehumet was extremely pleased with you.
You visited 3 branches of the dungeon, and saw 16 of its levels.
You also visited: Ice Cave.

You collected 993 gold pieces.

Inventory:

Hand Weapons
 s - a +0 glaive
 Q - a +3 halberd of freezing (weapon)
 U - a +1 quarterstaff of draining
Missiles
 j - 9 javelins
 Z - 9 curare-tipped darts (quivered)
Armour
 k - a +1 leather armour of poison resistance
 r - a +0 pair of gloves (worn)
 B - a +2 leather armour of willpower
 N - a +3 leather armour of positive energy (worn)
 X - a +1 hat (worn)
Magical Staves
 V - an uncursed staff of conjuration
Jewellery
 b - an uncursed ring of stealth
 f - an uncursed ring of ice
 o - an uncursed ring of fire
 q - a +4 ring of evasion (right hand)
 u - an amulet of regeneration (around neck)
 z - a ring of protection from fire (left hand)
 P - a +4 ring of protection
 Y - an uncursed amulet of magic regeneration
Wands
 p - a wand of random effects (15)
 v - a wand of polymorph (12)
 L - a wand of flame (34)
 M - a wand of iceblast (8)
 O - a wand of acid (5)
Scrolls
 a - a scroll of blinking
 d - 8 scrolls of teleportation
 l - 2 scrolls of enchant weapon
 t - 2 scrolls of amnesia {unknown}
 w - 2 scrolls of enchant armour
 x - 3 scrolls of magic mapping
 y - a scroll of fear {unknown}
 C - 2 scrolls of remove curse
 E - a scroll of holy word {unknown}
 I - a scroll of torment {unknown}
 K - a scroll of fog {unknown}
 S - a scroll of random uselessness {unknown}
 T - a scroll of brand weapon {unknown}
 W - 2 scrolls of immolation {unknown}
Potions
 h - 5 potions of flight
 i - a potion of mutation
 n - 2 potions of brilliance
 A - 2 potions of curing
 F - 4 potions of heal wounds
 H - a potion of lignification {unknown}
 J - a potion of degeneration {unknown}
 R - 3 potions of ambrosia


   Skills:
 - Level 10.0 Fighting
 - Level 20.0 Polearms
 + Level 11.3 Dodging
 - Level 2.1 Stealth
 - Level 5.0 Spellcasting
 - Level 4.0 Summonings
 * Level 14.1 Ice Magic


You had 10 spell levels left.
You knew the following spells:

 Your Spells              Type           Power        Failure   Level
a - Freeze                Ice            100%         1%          1
b - Frozen Ramparts       Ice            100%         1%          3
c - Ozocubu's Armour      Ice            55%          1%          3
d - Summon Ice Beast      Ice/Summ       39%          4%          4
e - Ensorcelled Hibernat  Hex/Ice        62%          1%          2

Your spell library contained the following spells:

 Spells                   Type           Power        Failure   Level
 Fireball                 Conj/Fire      2%           73%         5
 Hailstorm                Conj/Ice       31%          2%          4
 Magic Dart               Conj           16%          5%          1
 Searing Ray              Conj           8%           7%          2
 Dazzling Flash           Conj/Hex       8%           14%         3
 Inner Flame              Hex/Fire       4%           14%         3
 Corona                   Hex            4%           19%         1
 Slow                     Hex            4%           26%         2
 Fulminant Prism          Conj/Hex       2%           41%         4
 Iskenderun's Mystic Bla  Conj/Tloc      4%           41%         4
 Confusing Touch          Hex            4%           47%         3
 Portal Projectile        Hex/Tloc       8%           47%         3
 Tukima's Dance           Hex            4%           47%         3
 Cause Fear               Hex            2%           87%         4
 Leda's Liquefaction      Hex/Erth       2%           87%         4


Dungeon Overview and Level Annotations

Branches:
Dungeon (9/15)             Temple (1/1) D:4            Lair (6/6) D:8
 Shoals (0/4) Lair:4       Spider (0/4) Lair:2          Orc (0/2) D:9
  IceCv (visited)
  Slime: Lair:5-6

Altars:
Ashenzari
Cheibriados
Dithmenos
Elyvilon
Fedhas
Gozag
Hepliaklqana
Kikubaaqudgha
Makhleb
Nemelex Xobeh
Okawaru
Qazlal
Ru
Sif Muna
Trog
Uskayaw
Vehumet
Wu Jian
Xom
Yredelemnul
Zin
The Shining One

Annotations:
Lair:1 exclusion: oklob plant
Lair:6 Rupert


Message History

Rupert hits you with a +1 vorpal battleaxe!!
The rime drake barely misses you. The basilisk barely misses you.
Rupert hits you with a +1 vorpal battleaxe!!
The rime drake bites you but does no damage.
Rupert hits you with a +1 vorpal battleaxe!
The basilisk bites you!
* * * LOW HITPOINT WARNING * * *
The rime drake breathes ice at you. The flash freeze hits you!
* * * LOW HITPOINT WARNING * * *
You are encased in ice.
Rupert hits you with a +1 vorpal battleaxe.
The basilisk bites you!
* * * LOW HITPOINT WARNING * * *
The rime drake bites you.
* * * LOW HITPOINT WARNING * * *
The ice encasing you melts away.
Rupert hits you with a +1 vorpal battleaxe!!
* * * LOW HITPOINT WARNING * * *
You die...

..................
.....P............
#......P(.....P
##..#.PY.......
#P..#..........
##.###..##.....
###..YB.##....
###...Yk@l.$.##
.....###@#....##
..#.....†##.#...
...#.......÷.....
#..#...♣...♣...#..
+........<.....# .
.......♣...♣...#..
....#.............
#.....#.†.##....#
#...[.#.#......##


You could see Rupert (berserk), 3 yaks, a basilisk, a rime drake (catching
breath) and a worker ant.

Vanquished Creatures
  2 entropy weavers (Lair:6)
  A catoblepas (Lair:6)
  2 hydras
  A two-headed ogre (D:9)
  4 death yaks (Lair:2)
  A fire crab (Lair:6)
  Pikel (D:8)
  An ugly thing (D:8)
  2 elephants
  2 ice statues (IceCv)
  2 merfolk sirens (Lair:4)
  2 black mambas (Lair:1)
  A torpor snail (Lair:5)
  9 cane toads
  2 rime drakes
  5 komodo dragons
  4 ice devils (IceCv)
  A queen bee (Lair:2)
  A merfolk (Lair:4)
  A polar bear (Lair:3)
  A jumping spider (Lair:2)
  16 blink frogs
  Prince Ribbit (D:4)
  8 yaks
  7 wyverns
  Sigmund (D:2)
  8 basilisks
  2 soldier ants
  14 water moccasins
  4 sky beasts
  7 orc warriors
  A phantom (D:9)
  3 black bears
  An ice beast (D:6)
  A necrophage (D:5)
  17 wolves
  7 ogres
  5 centaurs
  2 big kobolds
  11 bullfrogs
  3 scorpions
  74 killer bees
  10 wights
  3 howler monkeys
  A quasit (D:7)
  5 hounds
  3 gnoll shamans (D:5)
  5 orc priests
  6 orc wizards
  Terence (D:2)
  5 iguanas
  5 hell rats
  13 worker ants
  A worker ant zombie (D:5)
  36 gnolls
  A river rat (D:8)
  9 adders
  A shadow imp (D:5)
  2 white imps (D:9)
  2 ufetubi
  2 adder zombies
  2 worms
  2 dart slugs
  5 leopard geckos
  35 orcs
  6 bats
  4 giant cockroaches
  2 goblins
  5 hobgoblins
  20 jackals
  16 kobolds
  8 quokkas
  A ball python (D:1)
  5 frilled lizards
  2 leopard gecko skeletons
  5 rats
468 creatures vanquished.

Vanquished Creatures (collateral kills)
  5 hydras
  Erica (D:9)
  3 death yaks (D:8)
  Sonja (Lair:5)
  A necromancer (IceCv)
  An oklob plant (Lair:4)
  2 elephants (Lair:2)
  An ice statue (IceCv)
  A cane toad (Lair:6)
  A rime drake (Lair:6)
  An ice devil (IceCv)
  4 blink frogs
  4 yaks
  Menkaure (D:7)
  A steam dragon (D:8)
  An ice beast (D:7)
  An orc warrior (D:6)
  An ogre (D:7)
  3 killer bees (Lair:4)
  2 wights (D:9)
  A bullfrog zombie (D:9)
  An orc priest (D:7)
  A hell rat (D:8)
  A worker ant (Lair:6)
  An orc wizard (D:6)
  A killer bee zombie (D:7)
  A river rat (D:8)
  A shadow imp (D:6)
  4 orcs (D:7)
  A jackal (D:7)
49 creatures vanquished.

Vanquished Creatures (others)
  A steam dragon (D:8)
  49 fungi
  59 plants
109 creatures vanquished.

Grand Total: 626 creatures vanquished

Notes
Turn   | Place    | Note
-------+----------+-------------------------------------------
     0 | D:1      | DearestLeader the Merfolk Ice Elementalist began the quest
                  | for the Orb.
     0 | D:1      | Reached XP level 1. HP: 13/13 MP: 3/3
   372 | D:1      | Reached XP level 2. HP: 18/19 MP: 3/5
   428 | D:1      | Reached skill level 5 in Ice Magic
  1320 | D:2      | Reached XP level 3. HP: 17/24 MP: 4/6
  1324 | D:2      | Learned a level 3 spell: Frozen Ramparts
  1645 | D:2      | Noticed Terence
  1653 | D:2      | Killed Terence
  1654 | D:2      | Reached XP level 4. HP: 12/30 MP: 0/7
  2013 | D:2      | Noticed Sigmund
  2018 | D:2      | Killed Sigmund
  2019 | D:2      | Reached XP level 5. HP: 14/35 MP: 4/8
  2019 | D:2      | Reached XP level 6. HP: 17/41 MP: 4/9
  2023 | D:2      | Learned a level 3 spell: Ozocubu's Armour
  3394 | D:3      | Reached XP level 7. HP: 47/47 MP: 6/10
  3649 | D:4      | Reached skill level 1 in Fighting
  3705 | D:4      | Reached skill level 1 in Polearms
  3913 | D:4      | Reached skill level 2 in Polearms
  4089 | D:4      | Found a staircase to the Ecumenical Temple.
  4099 | Temple   | Entered the Ecumenical Temple
  4337 | D:4      | Reached XP level 8. HP: 56/56 MP: 7/11
  4460 | D:5      | Entered Level 5 of the Dungeon
  4541 | D:5      | Found a blossoming altar of Fedhas.
  4659 | D:5      | Noticed Prince Ribbit
  4697 | D:4      | Reached skill level 3 in Polearms
  4707 | D:4      | Killed Prince Ribbit
  4713 | D:4      | Learned a level 4 spell: Summon Ice Beast
  4859 | D:5      | Reached skill level 4 in Polearms
  4859 | D:5      | Reached skill level 10 in Ice Magic
  5131 | D:5      | Reached skill level 5 in Dodging
  5256 | D:5      | Reached skill level 1 in Summonings
  5316 | D:5      | Reached skill level 5 in Polearms
  5463 | D:5      | Reached XP level 9. HP: 65/65 MP: 7/13
  5742 | D:5      | Reached skill level 6 in Polearms
  5918 | D:5      | Got an iridescent flail
  5919 | D:5      | Identified the cursed +3 flail of Evisceration {freeze,
                  | SInv} (You found it on level 5 of the Dungeon)
  6121 | D:6      | Reached skill level 5 in Fighting
  6315 | D:6      | Reached skill level 7 in Polearms
  6432 | D:6      | Found a sacrificial altar of Ru.
  6833 | D:6      | Found a glowing golden altar of the Shining One.
  6896 | D:6      | Reached skill level 8 in Polearms
  7101 | D:7      | Reached skill level 9 in Polearms
  7312 | D:7      | Reached skill level 10 in Polearms
  7315 | D:7      | Reached XP level 10. HP: 57/74 MP: 11/14
  7484 | D:7      | Reached skill level 11 in Polearms
  7737 | D:7      | Noticed Menkaure
  7744 | D:7      | Killed Menkaure
  7797 | D:7      | Reached skill level 12 in Polearms
  7900 | D:7      | Found an ornate altar of the Wu Jian Council.
  8103 | D:7      | Found an opulent altar of Gozag.
  8107 | D:7      | Found a sparkling altar of Nemelex Xobeh.
  8112 | D:7      | Found a glowing silver altar of Zin.
  8529 | D:8      | Found a staircase to the Lair.
  8529 | D:8      | Noticed a death yak
  8561 | D:8      | Killed a death yak
  8562 | D:8      | Reached skill level 13 in Polearms
  8615 | D:8      | Noticed a red ugly thing
  8639 | D:8      | Killed a green ugly thing
  8740 | D:8      | Noticed a death yak
  8740 | D:8      | Noticed a death yak
  8757 | D:8      | Reached skill level 14 in Polearms
  8919 | D:8      | Noticed Pikel
  8928 | D:8      | Killed Pikel
  9252 | D:8      | Found a radiant altar of Vehumet.
  9256 | D:8      | Became a worshipper of Vehumet
  9365 | D:8      | Killed a death yak
  9366 | D:8      | Reached skill level 15 in Polearms
  9366 | D:8      | Reached XP level 11. HP: 36/79 MP: 1/15
  9554 | D:8      | Killed a death yak
  9923 | D:9      | Noticed Erica
  9931 | D:9      | Reached skill level 16 in Polearms
  9940 | D:9      | Killed Erica
  9987 | D:9      | Found a staircase to the Orcish Mines.
 10784 | D:9      | Reached * piety under Vehumet
 10784 | D:9      | Offered knowledge of Shock by Vehumet.
 10889 | D:9      | Noticed a six-headed hydra
 10901 | D:9      | Killed a six-headed hydra
 10902 | D:9      | Reached skill level 17 in Polearms
 11137 | D:9      | Found an opulent altar of Gozag.
 11302 | D:9      | Noticed a two-headed ogre
 11312 | D:9      | Killed a two-headed ogre
 11480 | Lair:1   | Entered Level 1 of the Lair of Beasts
 11531 | Lair:1   | Found a shadowy altar of Dithmenos.
 11531 | Lair:1   | Noticed an oklob plant
 11538 | Lair:1   | Reached ** piety under Vehumet
 11538 | Lair:1   | Offered knowledge of Foxfire by Vehumet.
 11715 | Lair:1   | Reached XP level 12. HP: 86/88 MP: 15/18
 11725 | Lair:1   | Learned a level 2 spell: Ensorcelled Hibernation
 12249 | Lair:1   | Reached skill level 18 in Polearms
 12746 | Lair:2   | Noticed a death yak
 12763 | Lair:2   | Killed a death yak
 12764 | Lair:2   | Reached skill level 5 in Spellcasting
 12806 | Lair:2   | Noticed a death yak
 12806 | Lair:2   | Noticed a death yak
 12819 | Lair:2   | Noticed a death yak
 12832 | Lair:2   | Killed a death yak
 12832 | Lair:2   | Offered knowledge of Ignite Poison by Vehumet.
 12834 | Lair:2   | Killed a death yak
 12839 | Lair:2   | Killed a death yak
 12874 | Lair:2   | Found a frozen archway.
 12897 | IceCv    | Entered an ice cave
 13695 | IceCv    | Reached *** piety under Vehumet
 14099 | IceCv    | Found the +8 arc blade {discharge, rElec}
 14114 | IceCv    | Reached skill level 19 in Polearms
 14128 | IceCv    | Got a bloodstained hand axe
 14445 | Lair:2   | Identified the +7 hand axe of Xoluc {antimagic, Will- Str+3
                  | Int+4 Dex+2} (You found it in an ice cave)
 14534 | Lair:2   | Found a hole to the Spider Nest.
 14944 | Lair:2   | Offered knowledge of Olgreb's Toxic Radiance by Vehumet.
 14995 | Lair:2   | Reached XP level 13. HP: 99/99 MP: 20/20
 15489 | Lair:2   | Reached **** piety under Vehumet
 16197 | Lair:3   | Reached skill level 20 in Polearms
 16381 | Lair:3   | Offered knowledge of Static Discharge by Vehumet.
 17045 | Lair:4   | Found a staircase to the Shoals.
 17998 | Lair:4   | Reached ***** piety under Vehumet
 18002 | Lair:4   | Offered knowledge of Fireball by Vehumet.
 18647 | Lair:5   | Noticed Sonja
 18657 | Lair:5   | Killed Sonja
 18828 | Lair:5   | Found an opulent altar of Gozag.
 19042 | Lair:5   | Reached skill level 10 in Fighting
 19380 | Lair:5   | Reached skill level 10 in Dodging
 19679 | Lair:6   | Entered Level 6 of the Lair of Beasts
 19683 | Lair:6   | Noticed Rupert
 19974 | Lair:6   | Noticed an entropy weaver
 19978 | Lair:6   | Reached XP level 14. HP: 62/110 MP: 11/21
 19987 | Lair:6   | Killed an entropy weaver
 20170 | Lair:6   | Noticed an entropy weaver
 20388 | Lair:6   | Killed an entropy weaver
 20427 | Lair:6   | Paralysed by Rupert for 3 turns
 20443 | Lair:6   | HP: 3/110 [Rupert/+1 vorpal battleaxe (15)]
 20443 | Lair:6   | Slain by Rupert

Illustrated notes

Levels and vault maps discovered:
D:1:      wheals_arrival_linesprint, layout_basic, grunt_decor_junction
D:2:      layout_loops_cross, uniq_sigmund, uniq_terence
D:3:      layout_basic
D:4:      layout_rooms, temple_statues
D:5:      lemuel_castle_with_subvaults [lemuel_castle_interior_carwin_1],
          layout_loops_ring, chequers_serial_rivers_small_3,
          hangedman_decor_push, fedhas_altar_4, uniq_prince_ribbit1
D:6:      layout_loops_corners, lemuel_crystal_altar, tso_altar,
          minmay_misc_feat_tiny, serial_park_tiny_pond
D:7:      layout_cave_pools, grunt_temple_overflow_diamond,
          nzn_wu_jian_contemplation, minmay_diced_spiral, uniq_menkaure
D:8:      cheibrodos_steamvent, layout_basic, kennysheep_mini,
          dpeg_lair_monsters, uniq_pikel
D:9:      kennysheep_six_static_rooms, layout_basic, david_orc_2,
          chequers_mini_garden, nicolae_wand_duel, minivault_22,
          lemuel_statue_altar, uniq_erica
Temple:   regret_index_temple_waves
Lair:1:   layout_gridlike, lemuel_oklob_altar, serial_bayou_shore_b
Lair:2:   regret_index_wax_grids, layout_gridlike, spider_nest_entry_rubble,
          portal_ice_cave_entry_pillars_1, cheibrodos_lair_caveside_slide,
          grunt_megastairs_5
Lair:3:   layout_cellular_growth, minivault_11, serial_bayou_shore_b
Lair:4:   wad_woods_minihive, layout_cave_pods, elwin_shoals_entry_rooms
Lair:5:   layout_cellular_growth, chequers_serial_rivers_micro_d,
          lemuel_altar_in_water2, infiniplex_staircase_pool_2,
          grunt_megastairs_4, uniq_sonja
Lair:6:   grunt_lair_end_beastmaster, layout_regular_city,
          dpeg_slime_entry_enclosed_altar, minmay_another_anthill,
          serial_bayou_shore_b, serial_bayou_shore_a, grunt_megastairs_2,
          uniq_rupert

Skill      XL: |  1  2  3  4  5  6  7  8  9 10 11 12 13 14 |
---------------+-------------------------------------------+-----
Ice Magic      | 5 6 7 8 9 10 11 13 14 | 14.1
Fighting       | 2 4 5 6 8 10 | 10.0
Dodging        | 4 5 7 10 11 | 11.3
Polearms       | 2 5 10 15 17 19 20 | 20.0
Spellcasting   | 3 4 5 |  5.0
Summonings     | 1 4 |  4.0
Stealth        | |  2.1

Action                   |  1- 3 |  4- 6 |  7- 9 | 10-12 | 13-15 || total
-------------------------+-------+-------+-------+-------+-------++-------
Melee: Unarmed           |     1 |       |       |       |       ||     1
       Hand axe          |     3 |       |       |       |       ||     3
       Mace              |       |    18 |   247 |     3 |       ||   268
       Tailslap          |       |       |     5 |       |       ||     5
       Halberd           |       |       |    68 |   642 |   394 ||  1104
       Quarterstaff      |       |       |       |       |     8 ||     8
 Fire: Hunting sling     |    31 |    63 |       |       |       ||    94
Throw: Dart              |       |       |       |     5 |     1 ||     6
 Cast: Freeze            |    22 |     1 |    27 |     3 |     7 ||    60
       Frozen Ramparts   |     1 |     6 |    31 |    60 |    33 ||   131
       Ozocubu's Armour  |       |       |     7 |    20 |    13 ||    40
       Summon Ice Beast  |       |       |     4 |    59 |    48 ||   111
       Ensorcelled Hiber |       |       |       |       |     2 ||     2
  Use: Scroll            |     2 |     3 |     5 |    10 |     2 ||    22
       Potion            |       |       |       |     4 |       ||     4
 Stab: Distracted        |       |       |     2 |     5 |     4 ||    11
       Sleeping          |       |       |     4 |     5 |     5 ||    14
Armor: Robe              |     1 |       |       |       |       ||     1
       Leather armour    |     1 |    15 |   123 |    87 |    75 ||   301
Dodge: Dodged            |    22 |    43 |   353 |   319 |   429 ||  1166
